 Dungeon Crawl Stone Soup version 0.18-a0-1577-gf591c28 (webtiles) character file.

106 Hilldric the Cudgeler (level 4, -3/37 HPs)
             Began as a Minotaur Gladiator on Mar 21, 2016.
             Killed from afar by Natasha (7 damage)
             ... with a magic dart
             ... on level 3 of the Dungeon.
             The game lasted 00:04:08 (2282 turns).

Hilldric the Cudgeler (Minotaur Gladiator)          Turns: 2282, Time: 00:04:08

Health: -3/37      AC:  4    Str: 20    XL:     4   Next: 55%
Magic:  3/3        EV: 12    Int:  5    God:
Gold:   74         SH:  0    Dex: 11    Spells: 0 memorised, 3 levels left

rFire  . . .     SeeInvis +     a - +0 flail
rCold  . . .     Gourm    .     b - +0 leather armour
rNeg   . . .     Faith    .     (no shield)
rPois  .         Spirit   .     c - +0 hat
rElec  .         Dismiss  .     g - +0 cloak
rCorr  .         Reflect  .     (no gloves)
SustAt .         Harm     .     (no boots)
MR     .....                    (no amulet)
Stlth  +.........               (no ring)
                                l - ring of see invisible

@: slowed, very slow, not resistant to hostile enchantments, very unstealthy
A: retaliatory headbutt, horns 2
a: no special abilities


You were on level 3 of the Dungeon.
You were not hungry.

You visited 1 branch of the dungeon, and saw 3 of its levels.

You collected 74 gold pieces.

Inventory:

Hand Weapons
 a - a +0 flail (weapon)
Missiles
 d - 3 throwing nets (quivered)
Armour
 b - a +0 leather armour (worn)
 c - a +0 hat (worn)
 g - a +0 cloak (worn)
Jewellery
 l - a ring of see invisible (left hand)
 q - an uncursed ring of resist corrosion {unknown}
 r - a +4 ring of strength {unknown}
Scrolls
 i - a scroll of enchant armour {unknown}
 k - a scroll of fog
 p - 4 scrolls of remove curse {unknown}
 s - a scroll of recharging
 v - a scroll of enchant weapon {unknown}
Potions
 e - a potion of lignification {unknown}
 h - 2 potions of brilliance {unknown}
 j - a potion of resistance {unknown}
 m - 2 potions of ambrosia {unknown}
 n - a potion of might {unknown}
 t - a potion of haste {unknown}
Comestibles
 f - 2 bread rations
 o - a meat ration
 u - 4 fruits


   Skills:
 - Level 2.4 Fighting
 + Level 5.3 Maces & Flails
 - Level 2.0 Throwing
 * Level 3.3 Armour
 - Level 3.2 Dodging


You had 3 spell levels left.
You didn't know any spells.

Dungeon Overview and Level Annotations

Branches:
Dungeon (3/15)

Altars:

Annotations:
D:3 Natasha


Innate Abilities, Weirdness & Mutations

You reflexively headbutt those who attack you in melee.
You have a pair of horns on your head.


Message History

* * * LOW HITPOINT WARNING * * *
The crimson imp hits you but does no damage.
You see here a dagger.
Unknown command.
A hobgoblin comes into view. It is wielding a club.
Natasha claws you.
* * * LOW HITPOINT WARNING * * *
The crimson imp blinks!
The shadow imp hits you but does no damage.
Natasha casts a spell.
The hobgoblin shouts!
You sock the hobgoblin!
You kill the hobgoblin!
The shadow imp hits you.
* * * LOW HITPOINT WARNING * * *
Natasha closely misses you.
The shadow imp hits you but does no damage.
Natasha stares at you and mumbles some strange words.
The magic dart hits you!
You die...

... .. #####.#
.......## ........#
....#..###########
#.....)........#######
###..@########...#....
##5h## ###....## #.)5#
###..... ##..5.#
#)<.#### #....# #รท..#
###..# ###...# ..#
###... ... ##. ...#


You could see Natasha, a crimson imp and 2 shadow imps.

Vanquished Creatures
  4 adders
  2 worms (D:2)
  A dart slug (D:1)
  A giant gecko (D:1)
  4 giant cockroaches
  9 goblins
  6 hobgoblins
  8 jackals
  8 kobolds
  2 ball pythons
  5 bats
  4 giant newts
  7 rats
61 creatures vanquished.

Notes
Turn   | Place    | Note
--------------------------------------------------------------
     0 | D:1      | Hilldric the Minotaur Gladiator began the quest for the Orb.
     0 | D:1      | Reached XP level 1. HP: 18/18 MP: 0/0
   205 | D:1      | Reached skill level 1 in Armour
   224 | D:1      | Reached XP level 2. HP: 22/25 MP: 1/1
   240 | D:1      | Reached skill level 4 in Maces & Flails
  1130 | D:2      | Reached XP level 3. HP: 25/30 MP: 2/2
  1478 | D:2      | Reached skill level 5 in Maces & Flails
  1586 | D:2      | Reached XP level 4. HP: 33/37 MP: 3/3
  2270 | D:3      | Noticed Natasha
  2282 | D:3      | Killed from afar by Natasha

Vault maps used:
D:1:      minmay_arrival_four_loops
D:3:      first_bread, uniq_natasha, uniq_crazy_yiuf_cottage, uniq_grinder,
          uniq_sigmund

Skill      XL: |  1  2  3  4 |
---------------+-------------+-----
Armour         | 1 2 3 |  3.3
Maces & Flails | 4 5 |  5.3
Fighting       | |  2.4
Throwing       | |  2.0
Dodging        | |  3.2

Action                   |  1- 3 |  4- 6 || total
-------------------------+-------+-------++-------
Melee: Flail             |    85 |    44 ||   129
  Use: Scroll            |     4 |       ||     4
       Potion            |     2 |       ||     2
  Eat: Bread ration      |     1 |       ||     1
